 Dungeon Crawl Stone Soup version 0.22.1-2-g9c5b331383 (webtiles) character file.

92 Revguard the Shield-Bearer (level 4, -7/40 HPs)
             Began as a Minotaur Fighter on Dec 15, 2018.
             Was an Initiate of Makhleb.
             Mangled by a gnoll
             ... wielding a +0 halberd
              (9 damage)
             ... on level 3 of the Dungeon.
             The game lasted 00:04:43 (1522 turns).

Revguard the Shield-Bearer (Minotaur Fighter)       Turns: 1522, Time: 00:04:46

Health: -7/40      AC: 10    Str: 27    XL:     4   Next: 35%
Magic:  3/3        EV: 11    Int:  5    God:    Makhleb [......]
Gold:   107        SH: 10    Dex: 14    Spells: 3/3 levels left

rFire    . . .     SeeInvis .   a - +0 war axe
rCold    . . .     Gourm    .   c - +0 shield
rNeg     . . .     Faith    .   j - +0 chain mail
rPois    .         Spirit   .   (helmet restricted)
rElec    .         Reflect  .   i - +0 cloak
rCorr    .         Harm     .   (no gloves)
MR       .....                  (no boots)
Stlth    ..........             (no amulet)
HPRegen  0.13/turn              (no ring)
MPRegen  0.08/turn              (no ring)

@: mighty, agile, lethally poisoned (-7 -> -19)
A: retaliatory headbutt, horns 2
a: Renounce Religion


You were on level 3 of the Dungeon.
You worshipped Makhleb.
Makhleb was noncommittal.
You were very hungry.

You visited 1 branch of the dungeon, and saw 3 of its levels.

You collected 107 gold pieces.

Inventory:

Hand Weapons
 a - a +0 war axe (weapon)
Armour
 c - a +0 shield (worn)
 i - a +0 cloak (worn)
 j - a +0 chain mail (worn)
Scrolls
 b - 2 scrolls of remove curse {unknown}
 e - 4 scrolls of identify {unknown}
 g - 2 scrolls of teleportation {unknown}
 h - a scroll of amnesia {unknown}
 l - a scroll of noise {unknown}
Potions
 k - a potion of agility
 m - a potion of heal wounds {unknown}
 n - a potion of magic {unknown}
 o - a potion of curing {unknown}
Comestibles
 f - a ration


   Skills:
 + Level 4.2 Fighting
 + Level 3.9 Axes
 + Level 4.2 Armour
 - Level 0.3 Dodging
 + Level 4.4 Shields


You had 3 spell levels left.
You didn't know any spells.
Your spell library was empty.

Dungeon Overview and Level Annotations

Branches:
Dungeon (3/15)

Altars:
Fedhas
Hepliaklqana
Makhleb
Qazlal
Yredelemnul


Innate Abilities, Weirdness & Mutations

You reflexively headbutt those who attack you in melee.
You have a pair of horns on your head.


Message History

* * * LOW HITPOINT WARNING * * *
You feel sick.
The giant cockroach bites you but does no damage.
You block the gnoll's attack. The kobold hits you but does no damage.
The gnoll closely misses you.
The giant cockroach bites you but does no damage.
Your chain mail prevents you from hitting the gnoll.
The gnoll is almost dead.
You slice the gnoll!!
You kill the gnoll!
Makhleb accepts your kill.
You closely miss the giant cockroach. You slash the kobold!
You kill the kobold!
Makhleb accepts your kill.
* * * LOW HITPOINT WARNING * * *
You feel sick. The gnoll hits you with a halberd!
* * * LOW HITPOINT WARNING * * *
You block the gnoll's attack. You block the giant cockroach's attack.
The gnoll hits you with a halberd!
You die...

.... ###### ####........
.....# #...... ...> #
#....# #..... ...#.#
#....# #...# #+#..#.# #
#....# #...# #.#.... .#
#....###...# #.#.g# #..#
'....'.'...# #.#go#.....
#....###...###..@s...#..
###'## #........)).%....
#.# #....###...##.#.#
#.# #....# #...# # #.#
##'#.# #...# ..# #.#.#
#.... ### #.#.# ##.###
#.#.# #.. ..#.# ###


You could see 2 gnolls, an orc and a giant cockroach.

Vanquished Creatures
  An iguana (D:2)
  A gnoll (D:3)
  An ooze (D:1)
  2 worms (D:2)
  3 dart slugs (D:1)
  2 bats (D:1)
  6 hobgoblins
  4 jackals (D:2)
  A ball python (D:2)
  9 frilled lizards
  11 kobolds
  6 rats
47 creatures vanquished.

Notes
Turn   | Place    | Note
-------+----------+-------------------------------------------
     0 | D:1      | Revguard the Minotaur Fighter began the quest for the Orb.
     0 | D:1      | Reached XP level 1. HP: 19/19 MP: 0/0
   359 | D:1      | Reached XP level 2. HP: 24/27 MP: 1/1
   668 | D:1      | Reached XP level 3. HP: 28/33 MP: 2/2
   988 | D:2      | Found a basalt altar of Yredelemnul.
   996 | D:2      | Reached XP level 4. HP: 22/40 MP: 3/3
  1005 | D:2      | Found a hazy altar of Hepliaklqana.
  1032 | D:2      | Found a stormy altar of Qazlal.
  1072 | D:2      | Found a burning altar of Makhleb.
  1078 | D:2      | Became a worshipper of Makhleb the Destroyer
  1360 | D:2      | Found a blossoming altar of Fedhas.
  1522 | D:3      | HP: 2/40 [gnoll/halberd (8)]
  1522 | D:3      | Mangled by a gnoll

Skill      XL: |  1  2  3 |
---------------+----------+-----
Armour         | 4 |  4.2
Shields        | 4 |  4.4
Axes           | 3 |  3.9
Fighting       | 4 |  4.2
Dodging        | |  0.3

Action                   |  1- 3 |  4- 6 || total
-------------------------+-------+-------++-------
Melee: War axe           |    92 |    21 ||   113
       Headbutt          |     8 |     3 ||    11
  Use: Potion            |       |     2 ||     2
  Eat: Chunk             |       |     1 ||     1
Armor: Scale mail        |    32 |       ||    32
       Chain mail        |     2 |    25 ||    27
Dodge: Dodged            |    28 |    13 ||    41
Block: Shield            |    52 |    22 ||    74
